| TOP OF THE 1ST |
|
Tri-City Dust Devils batting - Pitching for Brooklyn Cyclones : LHP Jesus Espitia
|
|
Pitching: LHP Jesus Espitia
|
|
|
Batting: SHB Cesar Arteaga
|
0-0: Called Strike 0-1: Ball 1-1: Ball 2-1: Ground out 4-3 (Groundball, 4, EV 95.6 MPH)
|
|
Batting: RHB Hector Fernandez
|
0-0: Called Strike 0-1: Foul Ball, location: 2F 0-2: Ball 1-2: Foul Ball, location: 2F 1-2: Fly out, F7 (Flyball, 7, EV 76.9 MPH)
|
|
Batting: SHB Jared Boyce
|
0-0: Foul Ball, location: 2F 0-1: Ball 1-1: Foul Ball, location: 2F 1-2: Fly out, F7 (Flyball, 7LM, EV 97.5 MPH)
|
| Top of the 1st over - 0 runs, 0 hits, 0 errors, 0 left on base; Tri-City 0 - Brooklyn 0 |
| BOTTOM OF THE 1ST |
|
Brooklyn Cyclones batting - Pitching for Tri-City Dust Devils : RHP Chris Leavitt
|
|
Pitching: RHP Chris Leavitt
|
|
|
Batting: LHB Matt Baker
|
0-0: Ball 1-0: Ball 2-0: Ground out U3 (Groundball, 3, EV 83.8 MPH)
|
|
Batting: LHB Elmo Dreier
|
0-0: Ball 1-0: Called Strike 1-1: Ball 2-1: Ball 3-1: DOUBLE (Flyball, 89D, EV 110.0 MPH)
|
|
Batting: RHB Sang-ton Pak
|
0-0: Called Strike 0-1: Called Strike 0-2: Ball 1-2: Ground out 5-3 (Groundball, 56, EV 86.9 MPH)
|
|
Batting: RHB Bill Crogan
|
0-0: Ball 1-0: Ball 2-0: Foul Ball, location: 2F 2-1: Foul Ball, location: 2F 2-2: Ball 3-2: Strikes out swinging
|
| Bottom of the 1st over - 0 runs, 1 hit, 0 errors, 1 left on base; Tri-City 0 - Brooklyn 0 |
| TOP OF THE 2ND |
|
Tri-City Dust Devils batting - Pitching for Brooklyn Cyclones : LHP Jesus Espitia
|
|
Batting: RHB Andy Solorzano
|
0-0: Called Strike 0-1: Ball 1-1: Foul Ball, location: 2F 1-2: Foul Ball, location: 2F 1-2: Ball 2-2: Foul Ball, location: 2F 2-2: Foul Ball, location: 2F 2-2: Strikes out swinging
|
|
Batting: RHB Joel Vazquez
|
0-0: Swinging Strike 0-1: Foul Ball, location: 2F 0-2: Strikes out swinging
|
|
Batting: LHB Justin Rankin
|
0-0: Swinging Strike 0-1: Ball 1-1: Ground out 6-3 (Groundball, 56, EV 86.9 MPH)
|
| Top of the 2nd over - 0 runs, 0 hits, 0 errors, 0 left on base; Tri-City 0 - Brooklyn 0 |
| BOTTOM OF THE 2ND |
|
Brooklyn Cyclones batting - Pitching for Tri-City Dust Devils : RHP Chris Leavitt
|
|
Batting: RHB Mike Mathews
|
0-0: Called Strike 0-1: Ground out 4-3 (Groundball, 4MS, EV 63.1 MPH)
|
|
Batting: RHB Matt Tittle
|
0-0: Foul Ball, location: 2F 0-1: Foul Ball, location: 2F 0-2: Strikes out swinging
|
|
Batting: RHB Victor Reyes
|
0-0: Ball 1-0: Ground out 4-3 (Groundball, 4M, EV 81.2 MPH)
|
| Bottom of the 2nd over - 0 runs, 0 hits, 0 errors, 0 left on base; Tri-City 0 - Brooklyn 0 |
| TOP OF THE 3RD |
|
Tri-City Dust Devils batting - Pitching for Brooklyn Cyclones : LHP Jesus Espitia
|
|
Batting: RHB Drew Duncan
|
0-0: Ball 1-0: Ball 2-0: Ball 3-0: Called Strike 3-1: Foul Ball, location: 2F 3-2: SOLO HOME RUN (Line Drive, 7D, EV 99.4 MPH), Distance : 376 ft
|
|
Batting: SHB Blake Abbott
|
0-0: Called Strike 0-1: Ball 1-1: Foul Ball, location: 2F 1-2: Ball 2-2: Strikes out swinging
|
|
Batting: LHB Paul Collins
|
0-0: Ball 1-0: Ball 2-0: Ball 3-0: Base on Balls
|
|
Batting: SHB Cesar Arteaga
|
0-0: Swinging Strike Paul Collins is caught stealing 2nd base 2-4 0-1: Fly out, F7 (Flyball, 7LD, EV 86.2 MPH)
|
| Top of the 3rd over - 1 run, 1 hit, 0 errors, 0 left on base; Tri-City 1 - Brooklyn 0 |
| BOTTOM OF THE 3RD |
|
Brooklyn Cyclones batting - Pitching for Tri-City Dust Devils : RHP Chris Leavitt
|
|
Batting: SHB Callum Lynch
|
0-0: Ball 1-0: Foul Ball, location: 2F 1-1: Ball 2-1: Ball 3-1: Bunted foul 3-2: Foul Ball, location: 2F 3-2: Ground out 5-3 (Groundball, 5D, EV 101.2 MPH)
|
|
Batting: RHB Jack Nickleberry
|
0-0: Foul Ball, location: 2F 0-1: Foul Ball, location: 2F 0-2: SINGLE (Groundball, 6D, EV 94.4 MPH)
|
|
Batting: LHB Matt Baker
|
0-0: Swinging Strike 0-1: Ball Jack Nickleberry steals 2nd base 1-1: Ball 2-1: Called Strike 2-2: Ball 3-2: Strikes out swinging
|
|
Batting: LHB Elmo Dreier
|
0-0: Swinging Strike 0-1: Ball 1-1: Ball 2-1: Foul Ball, location: 2F 2-2: Strikes out swinging
|
| Bottom of the 3rd over - 0 runs, 1 hit, 0 errors, 1 left on base; Tri-City 1 - Brooklyn 0 |
| TOP OF THE 4TH |
|
Tri-City Dust Devils batting - Pitching for Brooklyn Cyclones : LHP Jesus Espitia
|
|
Batting: RHB Hector Fernandez
|
0-0: Called Strike 0-1: Ball 1-1: SINGLE (Groundball, 6M, EV 105.6 MPH) (infield hit)
|
|
Batting: SHB Jared Boyce
|
0-0: Foul Ball, location: 2F 0-1: Called Strike 0-2: Foul Ball, location: 2F 0-2: Ball 1-2: Fielders Choice at 2nd, 6-4 (Groundball, 6, EV 83.1 MPH)
|
|
Batting: RHB Andy Solorzano
|
0-0: 2-RUN HOME RUN (Flyball, 89XD, EV 105.0 MPH), Distance : 413 ft
|
|
Batting: RHB Joel Vazquez
|
0-0: Ball 1-0: Called Strike 1-1: SINGLE (Line Drive, 56D, EV 98.1 MPH)
|
|
Batting: LHB Justin Rankin
|
0-0: Called Strike 0-1: Swinging Strike 0-2: Foul Ball, location: 2F 0-2: Ball 1-2: Foul Ball, location: 2F 1-2: Fielders Choice at 2nd, 6-4 (Groundball, 6M, EV 105.6 MPH)
|
|
Batting: RHB Drew Duncan
|
0-0: Called Strike Justin Rankin is caught stealing 2nd base 2-4
|
| Top of the 4th over - 2 runs, 3 hits, 0 errors, 0 left on base; Tri-City 3 - Brooklyn 0 |
| BOTTOM OF THE 4TH |
|
Brooklyn Cyclones batting - Pitching for Tri-City Dust Devils : RHP Chris Leavitt
|
|
Batting: RHB Sang-ton Pak
|
0-0: Foul Ball, location: 2F 0-1: Ball 1-1: TRIPLE (Line Drive, 89XD, EV 103.1 MPH)
|
|
Batting: RHB Bill Crogan
|
0-0: Ball 1-0: Ball 2-0: Hit by Pitch
|
|
Batting: RHB Mike Mathews
|
0-0: Called Strike 0-1: Swinging Strike 0-2: Foul Ball, location: 2F 0-2: Ball 1-2: Strikes out looking
|
|
Batting: RHB Matt Tittle
|
0-0: Foul Ball, location: 2F 0-1: Ball 1-1: Foul Ball, location: 2F 1-2: Strikes out swinging
|
|
Batting: RHB Victor Reyes
|
0-0: Called Strike 0-1: Ball 1-1: Called Strike 1-2: Ball 2-2: Ball 3-2: Foul Ball, location: 2F 3-2: Fly out, F9 (Flyball, 9S, EV 83.8 MPH)
|
| Bottom of the 4th over - 0 runs, 1 hit, 0 errors, 2 left on base; Tri-City 3 - Brooklyn 0 |
| TOP OF THE 5TH |
|
Tri-City Dust Devils batting - Pitching for Brooklyn Cyclones : LHP Jesus Espitia
|
|
Batting: RHB Drew Duncan
|
0-0: Ball 1-0: Ball 2-0: Ball 3-0: Base on Balls
|
|
Batting: SHB Blake Abbott
|
0-0: Ball 1-0: Ground out 5-3 (Groundball, 56S, EV 68.8 MPH) Drew Duncan to second
|
|
Batting: LHB Paul Collins
|
0-0: Ball 1-0: Ball 2-0: Ball 3-0: Called Strike 3-1: Called Strike 3-2: Strikes out swinging
|
|
Batting: SHB Cesar Arteaga
|
0-0: Called Strike 0-1: Ball 1-1: Foul Ball, location: 2F 1-2: Ball 2-2: Foul Ball, location: 2F 2-2: Ground out U3 (Groundball, 34D, EV 105.6 MPH)
|
| Top of the 5th over - 0 runs, 0 hits, 0 errors, 1 left on base; Tri-City 3 - Brooklyn 0 |
| BOTTOM OF THE 5TH |
|
Brooklyn Cyclones batting - Pitching for Tri-City Dust Devils : RHP Chris Leavitt
|
|
Batting: SHB Callum Lynch
|
0-0: Called Strike 0-1: Ball 1-1: Ball 2-1: SINGLE (Groundball, 56, EV 98.8 MPH)
|
|
Batting: RHB Jack Nickleberry
|
0-0: Ball 1-0: Foul Ball, location: 2F 1-1: Ground out 5-3 (Groundball, 56S, EV 72.5 MPH) Callum Lynch to second
|
|
Batting: LHB Matt Baker
|
0-0: Swinging Strike 0-1: Foul Ball, location: 2F 0-2: Strikes out swinging
|
|
Batting: LHB Elmo Dreier
|
0-0: Ground out 6-3 (Groundball, 6, EV 81.9 MPH)
|
| Bottom of the 5th over - 0 runs, 1 hit, 0 errors, 1 left on base; Tri-City 3 - Brooklyn 0 |
| TOP OF THE 6TH |
|
Tri-City Dust Devils batting - Pitching for Brooklyn Cyclones : LHP Jesus Espitia
|
|
Pitching: RHP Josh Hebert
|
|
|
Batting: RHB Hector Fernandez
|
0-0: Ball 1-0: Swinging Strike 1-1: Called Strike 1-2: Strikes out swinging
|
|
Batting: SHB Jared Boyce
|
0-0: Ball 1-0: Called Strike 1-1: Swinging Strike 1-2: Foul Ball, location: 2F 1-2: Strikes out swinging
|
|
Batting: RHB Andy Solorzano
|
0-0: SOLO HOME RUN (Flyball, 9D, EV 98.1 MPH), Distance : 374 ft
|
|
Batting: RHB Joel Vazquez
|
0-0: Ball 1-0: Ball 2-0: Ball 3-0: Swinging Strike 3-1: Foul Ball, location: 2F 3-2: Foul Ball, location: 2F 3-2: Foul Ball, location: 2F 3-2: Ground out 4-3 (Groundball, 4, EV 101.9 MPH)
|
| Top of the 6th over - 1 run, 1 hit, 0 errors, 0 left on base; Tri-City 4 - Brooklyn 0 |
| BOTTOM OF THE 6TH |
|
Brooklyn Cyclones batting - Pitching for Tri-City Dust Devils : RHP Chris Leavitt
|
|
Batting: RHB Sang-ton Pak
|
0-0: Foul Ball, location: 2F 0-1: Ball 1-1: Ground out 4-3 (Groundball, 4M, EV 79.4 MPH)
|
|
Batting: RHB Bill Crogan
|
0-0: Called Strike 0-1: Ball 1-1: Ball 2-1: Foul Ball, location: 2F 2-2: Fly out, F3 (Popup, 34, EV 63.1 MPH)
|
|
Batting: RHB Mike Mathews
|
0-0: Ball 1-0: Called Strike 1-1: Foul Ball, location: 2F 1-2: Strikes out swinging
|
| Bottom of the 6th over - 0 runs, 0 hits, 0 errors, 0 left on base; Tri-City 4 - Brooklyn 0 |
| TOP OF THE 7TH |
|
Tri-City Dust Devils batting - Pitching for Brooklyn Cyclones : RHP Josh Hebert
|
|
Batting: LHB Justin Rankin
|
0-0: Ball 1-0: Foul Ball, location: 2F 1-1: Fly out, F7 (Line Drive, 7, EV 93.1 MPH)
|
|
Batting: RHB Drew Duncan
|
0-0: Called Strike 0-1: Swinging Strike 0-2: Ball 1-2: Ball 2-2: Ball 3-2: Base on Balls
|
|
Batting: SHB Blake Abbott
|
0-0: Foul Ball, location: 2F 0-1: Ball 1-1: Ball 2-1: Ball 3-1: Foul Ball, location: 2F 3-2: Strikes out looking
|
|
Batting: LHB Paul Collins
|
0-0: Ball 1-0: Ground out 1-3 (Groundball, 15S, EV 70.0 MPH)
|
| Top of the 7th over - 0 runs, 0 hits, 0 errors, 1 left on base; Tri-City 4 - Brooklyn 0 |
| BOTTOM OF THE 7TH |
|
Brooklyn Cyclones batting - Pitching for Tri-City Dust Devils : RHP Chris Leavitt
|
|
Batting: RHB Matt Tittle
|
0-0: Ball 1-0: Called Strike 1-1: Fly out, F8 (Line Drive, 8LD, EV 105.6 MPH)
|
|
Batting: RHB Victor Reyes
|
0-0: Called Strike 0-1: Swinging Strike 0-2: Foul Ball, location: 2F 0-2: Strikes out swinging
|
|
Batting: SHB Callum Lynch
|
0-0: Foul Ball, location: 2F 0-1: Ball 1-1: DOUBLE (Line Drive, 5D, EV 98.8 MPH)
|
|
Batting: RHB Jack Nickleberry
|
0-0: Ground out 4-3 (Groundball, 4, EV 80.0 MPH)
|
| Bottom of the 7th over - 0 runs, 1 hit, 0 errors, 1 left on base; Tri-City 4 - Brooklyn 0 |
| TOP OF THE 8TH |
|
Tri-City Dust Devils batting - Pitching for Brooklyn Cyclones : RHP Josh Hebert
|
|
Batting: SHB Cesar Arteaga
|
0-0: Ball 1-0: Ball 2-0: Foul Ball, location: 2F 2-1: Called Strike 2-2: Strikes out swinging
|
|
Batting: RHB Hector Fernandez
|
0-0: Called Strike 0-1: Swinging Strike 0-2: Strikes out looking
|
|
Batting: SHB Jared Boyce
|
0-0: Ball 1-0: Foul Ball, location: 2F 1-1: Ground out 6-3 (Groundball, 6S, EV 81.2 MPH)
|
| Top of the 8th over - 0 runs, 0 hits, 0 errors, 0 left on base; Tri-City 4 - Brooklyn 0 |
| BOTTOM OF THE 8TH |
|
Brooklyn Cyclones batting - Pitching for Tri-City Dust Devils : RHP Chris Leavitt
|
|
Pitching: RHP Tim Stewart
|
|
|
Batting: LHB Matt Baker
|
0-0: Ball 1-0: Ball 2-0: Ball 3-0: Called Strike 3-1: Base on Balls
|
|
Batting: LHB Elmo Dreier
|
0-0: Foul Ball, location: 2F 0-1: Ball 1-1: Foul Ball, location: 2F 1-2: TRIPLE (Line Drive, 89XD, EV 108.8 MPH) Matt Baker scores
|
|
Batting: RHB Sang-ton Pak
|
0-0: Called Strike 0-1: Ball 1-1: Hit by Pitch
|
|
Batting: RHB Bill Crogan
|
0-0: Ball 1-0: Called Strike 1-1: Ball 2-1: Swinging Strike 2-2: Foul Ball, location: 2F 2-2: Foul Ball, location: 2F 2-2: Foul Ball, location: 2F 2-2: Grounds into double play, 6-4-3 (Groundball, 6, EV 84.4 MPH) Elmo Dreier scores
|
|
Batting: RHB Mike Mathews
|
0-0: Ball 1-0: Foul Ball, location: 2F 1-1: Reached on error, E5 (Groundball, 56, EV 83.1 MPH)
|
|
Batting: RHB Matt Tittle
|
0-0: Foul Ball, location: 2F 0-1: Foul Ball, location: 2F 0-2: Hit by Pitch
|
|
Pitching: RHP Chris Haselhorst
|
|
|
Batting: RHB Victor Reyes
|
0-0: Ball 1-0: Called Strike 1-1: Ball 2-1: Ball 3-1: Foul Ball, location: 2F 3-2: Foul Ball, location: 2F 3-2: Fly out, F9 (Flyball, 9, EV 90.6 MPH)
|
| Bottom of the 8th over - 2 runs, 1 hit, 1 error, 2 left on base; Tri-City 4 - Brooklyn 2 |
| TOP OF THE 9TH |
|
Tri-City Dust Devils batting - Pitching for Brooklyn Cyclones : RHP Josh Hebert
|
|
Pitching: RHP John Stepanian
|
|
|
Batting: RHB Andy Solorzano
|
0-0: Ball 1-0: Ball 2-0: Ball 3-0: Swinging Strike 3-1: Base on Balls
|
|
Batting: RHB Joel Vazquez
|
0-0: Grounds into double play, 6-4-3 (Groundball, 6, EV 85.6 MPH)
|
|
Batting: LHB Justin Rankin
|
0-0: Called Strike 0-1: Ground out 2-3 (Groundball, 2R, EV 68.1 MPH)
|
| Top of the 9th over - 0 runs, 0 hits, 0 errors, 0 left on base; Tri-City 4 - Brooklyn 2 |
| BOTTOM OF THE 9TH |
|
Brooklyn Cyclones batting - Pitching for Tri-City Dust Devils : RHP Chris Haselhorst
|
|
Batting: SHB Callum Lynch
|
0-0: Called Strike 0-1: Called Strike 0-2: Foul Ball, location: 2F 0-2: Strikes out swinging
|
|
Batting: RHB Jack Nickleberry
|
0-0: Called Strike 0-1: Swinging Strike 0-2: Strikes out looking
|
|
Batting: LHB Matt Baker
|
0-0: Ball 1-0: Fly out, F7 (Flyball, 7, EV 90.6 MPH)
|
| Bottom of the 9th over - 0 runs, 0 hits, 0 errors, 0 left on base; Tri-City 4 - Brooklyn 2 |
|